 Dungeon Crawl Stone Soup version 0.28.0-53-g5a82cb258f (webtiles) character file.

Game seed: 18263352986652115881

3647 ZappyNine the Destroyer (level 9, 0/81 HPs)
             Began as a Pale Draconian Conjurer on May 28, 2022.
             Was a Priest of Sif Muna.
             Asphyxiated
             ... on level 8 of the Dungeon.
             The game lasted 00:18:30 (8935 turns).

ZappyNine the Destroyer (Pale Draconian Conjurer)   Turns: 8935, Time: 00:18:31

Health: 0/81       AC:  8    Str: 11    XL:     9   Next: 88%
Magic:  19/19      EV: 12    Int: 28    God:    Sif Muna [***...]
Gold:   392        SH:  0    Dex:  9    Spells: 12/22 levels left

rFire   . . .      SeeInvis .   y - +2 mace (protect)
rCold   . . .      Faith    .   (no shield)
rNeg    . . .      Spirit   .   (armour unavailable)
rPois   .          Reflect  .   (helmet restricted)
rElec   .          Harm     .   s - +0 cloak
rCorr   .          Rampage  .   (no gloves)
Will    .....                   (no boots)
Stlth   ++........              k - amulet of regeneration
HPRegen 1.03/turn               u - ring of wizardry
MPRegen 0.16/turn               e - +6 ring of intelligence

@: lethally poisoned (0 -> -24), hasted and slowed
A: breathe steam, AC +7, unfitting armour, cold-blooded, steam resistance,
antennae 1
a: Breathe Steam, Renounce Religion, Channel Magic, Forget Spell


You were on level 8 of the Dungeon.
You worshipped Sif Muna.
Sif Muna was most pleased with you.
You visited 2 branches of the dungeon, and saw 9 of its levels.

You collected 392 gold pieces.

Inventory:

Hand Weapons
 y - a +2 mace of protection (weapon)
Missiles
 l - 5 boomerangs of dispersal
 z - a throwing net
Armour
 s - a +0 cloak (worn)
Jewellery
 e - a +6 ring of intelligence (right hand)
 f - a ring of see invisible
 k - an amulet of regeneration (around neck)
 o - a +4 ring of evasion
 p - an amulet of reflection
 r - a ring of protection from fire
 u - a ring of wizardry (left hand)
Wands
 a - a wand of flame (38)
Scrolls
 g - a scroll of immolation
 h - a scroll of magic mapping
 q - a scroll of fear
 w - a scroll of enchant weapon
Potions
 b - 4 potions of curing
 d - 2 potions of haste
 j - 2 potions of magic
 m - a potion of degeneration {unknown}
 n - 2 potions of heal wounds
 v - a potion of brilliance


   Skills:
 + Level 8.0 Fighting
 - Level 1.7 Dodging
 - Level 1.7 Stealth
 + Level 7.1 Spellcasting
 + Level 8.0 Conjurations
 - Level 3.5 Translocations
 + Level 5.6 Invocations


You had 12 spell levels left.
You knew the following spells:

 Your Spells              Type           Power      Damage    Failure   Level
a - Magic Dart            Conj           100%       1d8       1%          1
b - Searing Ray           Conj           100%       2d8       1%          2
c - Iskenderun's Mystic   Conj/Tloc      42%        2d10      1%          4
d - Dazzling Flash        Conj/Hex       64%        N/A       1%          3

Your spell library contained the following spells:

 Spells                   Type           Power      Damage    Failure   Level
 Apportation              Tloc           60%        N/A       1%          1
 Gell's Gravitas          Tloc           30%        N/A       1%          3
 Teleport Other           Tloc           30%        N/A       1%          3
 Animate Skeleton         Necr           18%        N/A       2%          1
 Beastly Appendage        Tmut           18%        N/A       2%          1
 Pain                     Necr           36%        1d5       2%          1
 Wereblood                Tmut           9%         N/A       3%          2
 Fulminant Prism          Conj/Hex       16%        3d11      4%          4
 Spider Form              Tmut/Pois      9%         N/A       6%          3
 Tukima's Dance           Hex            9%         N/A       6%          3
 Vampiric Draining        Necr           9%         2d6       6%          3
 Anguish                  Hex/Necr       4%         N/A       21%         4
 Alistair's Intoxication  Tmut/Pois      6%         N/A       50%         5
 Lee's Rapid Deconstruct  Erth           4%         3d6*      50%         5
 Starburst                Conj/Fire      16%        6d6       52%         6
 Dispersal                Tloc           15%        N/A       56%         6
 Enfeeble                 Hex            4%         N/A       100%        7


Dungeon Overview and Level Annotations

Branches:
Dungeon (8/15)             Temple (1/1) D:7            Lair (0/6) D:8

Altars:
Cheibriados
Dithmenos
Gozag
Hepliaklqana
Okawaru
Sif Muna
Trog
Uskayaw
Vehumet
Wu Jian
Xom
Lugonu

Shops:
D:5 *

Annotations:
D:4 exclusion: statue


Innate Abilities, Weirdness & Mutations

You can breathe blasts of scalding, opaque steam.
Your pale cyan-grey scales are hard. (AC +7)
You cannot fit into any form of body armour.
You are cold-blooded and may be slowed by cold attacks.
You are immune to the effects of steam.
You have a pair of small antennae on your head.


Message History

* * * LOW HITPOINT WARNING * * *
Unknown command.
You have got your breath back.
The electric eel shoots out a bolt of lightning at you!
The bolt of electricity misses you. The orc barely misses you.
You feel yourself speed up. The ufetubus hits you.
* * * LOW HITPOINT WARNING * * *
The ufetubus misses you.
The kobold throws a stone.
The stone hits you but does no damage. The ufetubus closely misses you.
The ufetubus misses you.
The howler monkey zombie hits you but does no damage.
The orc barely misses you.
The kobold brigand throws a curare-tipped dart.
The curare-tipped dart closely misses you.
The curare-tipped dart hits the howler monkey zombie.
The ufetubus hits you but does no damage.
The ufetubus misses you. The kobold brigand closely misses you.
The ufetubus barely misses you.
The ufetubus hits you but does no damage.
The white imp gestures at you. The puff of frost hits you.
* * * LOW HITPOINT WARNING * * *
The kobold hits you but does no damage.
You are poisoned.
You feel very sick. The ufetubus closely misses you.
The ufetubus barely misses you.
The kobold brigand hits you with a +0 short sword!
* * * LOW HITPOINT WARNING * * *
The orc barely misses you. The ufetubus closely misses you.
The ufetubus hits you but does no damage.
The kobold hits you but does no damage.
You are more poisoned.
Unknown command.
You feel very sick.
The kobold shouts!
The kobold brigand throws a curare-tipped dart.
The curare-tipped dart hits you.
You are lethally poisoned!
You have difficulty breathing.
You die...

..,*#..................#......##
.,,#..................##......###
,..........8..........#....#?...#
*###.................[.........##
#.......................<..##
***#.....(..............>...###
,,,..............#5###..../####
****,,,,.........##.##.##..##.##
* *,,,,..K.....@##...[........# *
*,,,,......K.o......#...K...#
****,,,,...8..Ko5Z....###.....###
,*,*,,,,.......5K.............o..
,,,,,,,,..#.....K.....###.K.#.o.o
,,,,,,*,.,###.......รท.#
##o####.o
,*,****,,,**#.........###....#*#.
,,*****,,,,*#..#.##....##.?#.....
,,,,,,,,,,,...##......)..........


You could see a kobold brigand, a white imp, 2 orcs, an ufetubus, a howler
monkey zombie and 4 kobolds.

Vanquished Creatures
  A centaur zombie (D:6)
  A polar bear (D:8)
  Sigmund (D:2)
  6 yaks
  Menkaure (D:7)
  A water moccasin (D:6)
  An ice beast (D:7)
  A black bear (D:7)
  An ogre (D:5)
  2 necrophages
  A centaur (D:7)
  A phantom (D:4)
  A kobold brigand (D:6)
  A bullfrog (D:7)
  A wyvern zombie (D:8)
  3 scorpions
  A water moccasin skeleton (D:6)
  3 jellies
  3 wights (D:7)
  A bullfrog zombie (D:4)
  A wyvern simulacrum (D:8)
  A gnoll shaman (D:7)
  2 hounds
  A bullfrog skeleton (D:5)
  4 orc wizards
  A killer bee zombie (D:6)
  A centaur simulacrum (D:8)
  A hound skeleton (D:5)
  9 gnolls
  6 adders
  2 howler monkey skeletons
  2 shadow imps (D:6)
  A white imp (D:5)
  An ufetubus (D:8)
  4 dart slugs
  3 worms
  13 orcs
  4 endoplasms
  3 giant cockroaches
  11 goblins
  9 hobgoblins
  3 jackals (D:3)
  14 kobolds
  2 quokkas
  8 ball pythons
  7 bats
  4 frilled lizards
  2 rats (D:2)
152 creatures vanquished.

Vanquished Creatures (collateral kills)
  A wolf (D:8)
  An ufetubus (D:8)
2 creatures vanquished.

Grand Total: 154 creatures vanquished

Notes
Turn   | Place    | Note
-------+----------+-------------------------------------------
     0 | D:1      | ZappyNine the Draconian Conjurer began the quest for the
                  | Orb.
     0 | D:1      | Reached XP level 1. HP: 14/14 MP: 3/3
   401 | D:1      | Reached skill level 1 in Fighting
   401 | D:1      | Reached XP level 2. HP: 20/23 MP: 5/5
   471 | D:1      | Learned a level 2 spell: Searing Ray
  1448 | D:2      | Reached XP level 3. HP: 14/28 MP: 2/6
  1886 | D:2      | Noticed Sigmund
  2268 | D:2      | Killed Sigmund
  2269 | D:2      | Reached skill level 5 in Conjurations
  2269 | D:2      | Reached XP level 4. HP: 17/38 MP: 1/9
  2269 | D:2      | Reached XP level 5. HP: 20/45 MP: 1/10
  2822 | D:2      | Learned a level 4 spell: Iskenderun's Mystic Blast
  2875 | D:3      | Noticed a necrophage
  3026 | D:3      | Killed a necrophage
  3027 | D:3      | Reached XP level 6. HP: 51/51 MP: 2/11
  3235 | D:3      | Found a shimmering blue altar of Sif Muna.
  3279 | D:3      | Found an ornate altar of the Wu Jian Council.
  3534 | D:3      | Found an opulent altar of Gozag.
  3536 | D:3      | Found a bloodstained altar of Trog.
  3742 | D:3      | Became a worshipper of Sif Muna the Loreminder
  4129 | D:4      | Your scales start taking on a pale cyan-grey colour.
  4129 | D:4      | Reached XP level 7. HP: 30/59 MP: 3/13
  4129 | D:4      | Gained mutation: You are immune to the effects of steam.
                  | [Pale Draconian growth]
  4600 | D:4      | Found an iron altar of Okawaru.
  4623 | D:4      | Reached * piety under Sif Muna
  4642 | D:4      | Found a radiant altar of Vehumet.
  5054 | D:5      | Entered Level 5 of the Dungeon
  5343 | D:5      | Reached skill level 5 in Fighting
  5586 | D:5      | Found Unoqiwni's Neck Hole.
  5760 | D:5      | Reached skill level 5 in Spellcasting
  5834 | D:5      | Reached XP level 8. HP: 68/68 MP: 9/15
  5987 | D:5      | Found a shimmering altar of Xom.
  6128 | D:5      | Found a hazy altar of Hepliaklqana.
  6304 | D:6      | Reached skill level 1 in Invocations
  6403 | D:6      | Reached ** piety under Sif Muna
  6416 | D:6      | Reached XP level 9. HP: 59/78 MP: 3/18
  7986 | D:7      | Found a staircase to the Ecumenical Temple.
  7993 | D:7      | Noticed Menkaure
  8008 | Temple   | Entered the Ecumenical Temple
  8084 | D:7      | Killed Menkaure
  8095 | D:7      | Reached skill level 5 in Invocations
  8228 | D:7      | Found a shadowy altar of Dithmenos.
  8293 | D:7      | Learned a level 3 spell: Dazzling Flash
  8634 | D:8      | Noticed a polar bear
  8648 | D:8      | Reached *** piety under Sif Muna
  8676 | D:8      | Killed a polar bear
  8783 | D:7      | Gained mutation: You have hidden genetic defects. [potion
                  | of mutation]
  8784 | D:7      | Lost mutation: You have hidden genetic defects. [potion of
                  | mutation]
  8784 | D:7      | Gained mutation: You have a pair of small antennae on your
                  | head. [potion of mutation]
  8935 | D:8      | Asphyxiated

Illustrated notes

Levels and vault maps discovered:
D:1:      giann_bridges, layout_loops_corners, minmay_pentomino_x2
D:2:      layout_basic, uniq_sigmund
D:3:      layout_rooms, nzn_wu_jian_contemplation,
          mainiacjoe_overflow_six_doors_small,
          chequers_temple_overflow_statue_of_worship, minmay_misc_feat_rows
D:4:      layout_basic, overflow_temple_1_default, vehumet_statue
D:5:      layout_basic, lemuel_coloured_pillars_altar, kennysheep_mini,
          nicolae_shop_sticking_my_neck_out
D:6:      layout_loops_corners, nicolae_zen_rock_garden
D:7:      layout_basic, nicolae_dithmenos_shadow_blocks, temple_doors_e,
          uniq_menkaure
D:8:      layout_cave_pools, mainiacjoe_overflow_alcove_4, lair_entry_dummy,
          serial_ice, serial_ice_n, serial_ice_i, serial_ice_o, serial_ice_b,
          lightli_ossuary_entry_decrepit_ruins
Temple:   corrupted_temple

Skill      XL: |  1  2  3  4  5  6  7  8  9 |
---------------+----------------------------+-----
Fighting       | 1 3 4 5 6 8 |  8.0
Spellcasting   | 3 4 5 6 7 |  7.1
Conjurations   | 5 7 8 |  8.0
Translocations | 2 3 |  3.5
Invocations    | 3 5 |  5.6
Dodging        | |  1.7
Stealth        | |  1.7

Action                   |  1- 3 |  4- 6 |  7- 9 || total
-------------------------+-------+-------+-------++-------
Melee: Dagger            |    82 |    96 |   145 ||   323
       Tailslap          |    10 |    14 |    29 ||    53
       Punch             |     1 |     1 |     2 ||     4
       Scythe            |       |     8 |       ||     8
       Mace              |       |       |    49 ||    49
 Cast: Magic Dart        |    17 |     9 |    23 ||    49
       Searing Ray       |    12 |     9 |    27 ||    48
       Iskenderun's Myst |       |       |    20 ||    20
       Dazzling Flash    |       |       |     1 ||     1
 Abil: Breathe Steam     |       |       |     7 ||     7
  Use: Scroll            |       |       |    13 ||    13
       Potion            |       |       |     7 ||     7
 Stab: Sleeping          |     2 |     3 |     2 ||     7
       Distracted        |       |     1 |       ||     1
Armor: Skin              |    29 |    32 |   108 ||   169
Dodge: Dodged            |    59 |    71 |   175 ||   305
